Map: Kairos Junction LE

Players

DashDance

  • Race: Terran Terran
  • League: Diamond
  • Spawn Location: 5:00

Renart - Winner!

  • Race: Protoss Protoss
  • League: Diamond
  • Spawn Location: 11:00

VOD

Have the link to the VOD?

Description

Time

  • Played on: Aug. 19, 2019, 9:47 p.m.
  • Length: 7:50
Show
View Real Time Build Order
Export as new Build Order

DashDance Terran 

Build Orders:  

Get SALT Encoding   

  12  0:01  SCV  
  13  0:13  SCV  
  14  0:18  Supply Depot  
  14  0:25  SCV  
  15  0:39  SCV  
  15  0:41  Barracks  
  16  0:45  Refinery  
  16  0:51  SCV  
  17  1:03  SCV  
  18  1:15  SCV  
  19  1:32  Orbital Command  
  19  1:36  Marine  
  20  1:50  Command Center  
  20  2:00  Barracks  
  20  2:03  SCV  
  21  2:12  Barracks Reactor  
  21  2:17  SCV  
  21  2:18  Supply Depot  
  23  2:30  SCV  
  23  2:34  Barracks  
  23  2:42  SCV  
  24  2:54  SCV  
  24  2:57  Barracks Tech Lab  
  25  3:02  Marine x2  
  27  3:06  SCV  
  27  3:07  Factory  
  28  3:16  Orbital Command  
  28  3:18  SCV  
  28  3:19  Marine  
  29  3:20  Marine  
  29  3:23  Barracks Reactor  
  29  3:25  Marine  
  31  3:34  Refinery  
  31  3:36  Stimpack  
  31  3:38  Marine  
  31  3:46  Bunker  
  30  3:52  Factory Tech Lab  
  28  4:07  SCV  
  28  4:09  SCV  
  30  4:21  SCV  
  31  4:25  SCV  
  31  4:27  Siege Tank  
  31  4:28  Marine x4  
  36  4:41  Marine, Supply Depot  
  36  4:45  SCV x2  
  39  4:50  Supply Depot  
  38  5:02  Marine, SCV  
  38  5:11  Siege Tank  
  38  5:13  Marine x2  
  37  5:23  Marine, Supply Depot x2  
  37  5:24  Bunker  
  36  5:36  Marine  
  36  5:37  Marine  
  37  5:43  Siege Tank  
  36  5:59  SCV  
  36  6:00  Marine x3  
  36  6:01  Marine  
  37  6:14  Marine  
  34  6:21  Marine x3  
  36  6:29  Bunker  
  36  6:30  SCV x2  
  33  6:41  Marine x3  
  33  6:42  Marine x2  
  33  6:51  SCV x2  
  32  6:59  Marine x3  
  31  7:02  Marine x2  
  31  7:04  SCV  
  31  7:05  SCV  
  30  7:13  Bunker  
  27  7:16  SCV  
  27  7:17  Marine, SCV  
  27  7:20  Bunker  
  27  7:21  Marine  
Show
View Real Time Build Order
Export as new Build Order

Renart Protoss - Winner!

Build Orders:  

Get SALT Encoding   

  12  0:02  Probe  
  13  0:15  Probe  
  13  0:17  Pylon  
  14  0:27  Probe  
  15  0:39  Probe  
  15  0:40  Gateway  
  16  0:51  Probe  
  17  1:03  Probe  
  18  1:06  Assimilator  
  18  1:15  Probe  
  18  1:17  Assimilator  
  19  1:20  Assimilator  
  19  1:22  Gateway  
  19  1:27  Probe  
  20  1:52  Cybernetics Core  
  20  1:56  Gateway  
  20  1:59  Pylon  
  20  2:00  Probe  
  21  2:12  Probe  
  22  2:20  Stalker  
  22  2:21  Stalker, Warp Gate  
  22  2:27  Probe  
  27  2:45  Robotics Facility  
  27  2:47  Probe  
  27  2:48  Pylon  
  28  3:01  Stalker  
  30  3:06  Stalker  
  32  3:19  Stalker, Pylon  
  34  3:47  Stalker  
  34  3:48  Stalker  
  34  4:21  Pylon  
  34  4:35  Immortal  
  34  4:42  Stalker x3  
  44  4:51  Pylon  
  34  5:21  Stalker x3  
  36  6:04  Stalker x2  
  36  6:05  Stalker  
  42  6:44  Stalker x3  
  42  6:45  Immortal  
  48  7:15  Stalker x3  
  52  7:20  Robotics Facility  
  52  7:21  Pylon  
  54  7:23  Pylon  
  54  7:38  Nexus  
Tags
 
Add a new tag
Caveats
  • Supply blocks, unpowered buildings, or Contaminate may cause inaccurate times.
  • Supply counts are checked every 10 seconds.